 Dungeon Crawl Stone Soup version 0.27-a0-1191-g601b473118 (webtiles) character file.

Game seed: 8640820890953752097

118 st0uf the Slasher (level 4, 0/37 HPs)
             Began as a Draconian Gladiator on May 23, 2021.
             Slain by a giant cockroach (1 damage)
             ... on level 4 of the Dungeon.
             The game lasted 00:04:12 (2037 turns).

st0uf the Slasher (Draconian Gladiator)             Turns: 2037, Time: 00:04:13

Health: 0/37       AC:  5    Str: 16    XL:     4   Next: 72%
Magic:  4/4        EV: 13    Int:  9    God:
Gold:   62         SH:  5    Dex: 13    Spells: 3/3 levels left

rFire    . . .     SeeInvis +   a - +0 long sword
rCold    . . .     Faith    .   (no shield)
rNeg     . . .     Spirit   .   (armour unavailable)
rPois    .         Reflect  +   b - +0 hat
rElec    .         Harm     .   (no cloak)
rCorr    .         Rampage  .   (no gloves)
Will     .....                  (no boots)
Stlth    +.........             m - amulet of reflection
HPRegen  0.12/turn              n - ring of see invisible
MPRegen  0.09/turn              (no ring)

@: slowed, very slow
A: AC +5, unfitting armour, cold-blooded
a: no special abilities


You were on level 4 of the Dungeon.
You visited 1 branch of the dungeon, and saw 3 of its levels.

You collected 62 gold pieces.

Inventory:

Hand Weapons
 a - a +0 long sword (weapon)
Missiles
 c - 3 throwing nets (quivered)
Armour
 b - a +0 hat (worn)
Jewellery
 m - an amulet of reflection (around neck)
 n - a ring of see invisible (left hand)
 o - a ring of protection from fire
Scrolls
 d - a scroll of teleportation {unknown}
 e - a scroll of holy word {unknown}
 g - a scroll of immolation {unknown}
 h - 2 scrolls of identify {unknown}
 i - 2 scrolls of acquirement {unknown}
 j - a scroll of fog {unknown}
 p - a scroll of summoning {unknown}
Potions
 f - 2 potions of heal wounds {unknown}
 k - a potion of invisibility {unknown}
 l - 2 potions of attraction {unknown}


   Skills:
 + Level 2.5 Fighting
 + Level 4.5 Long Blades
 + Level 1.8 Throwing
 + Level 3.5 Dodging
 + Level 0.4 Stealth
 + Level 0.3 Shields


You had 3 spell levels left.
You didn't know any spells.
Your spell library was empty.

Dungeon Overview and Level Annotations

Branches:
Dungeon (2/15)

Altars:
Yredelemnul

Annotations:
D:4 Robin


Innate Abilities, Weirdness & Mutations

Your plain brown scales are hard. (AC +5)
You cannot fit into any form of body armour.
You are cold-blooded and may be slowed by cold attacks.


Message History

The hobgoblin no longer looks unusually strong.
An endoplasm and a goblin come into view.
The endoplasm freezes you.
You are frozen.
A hound skeleton comes into view.
The goblin shouts!
Found 3 javelins.
The goblin barely misses you.
You riposte.
You barely miss the goblin. You tail-slap the goblin.
The goblin is severely wounded.
A goblin comes into view. It is wielding a +0 dagger.
Found a glowing hand axe.
You open the door.
An adder and an endoplasm come into view.
Robin roars a battlecry!
The goblins go into a battle-frenzy!
The goblin hits you with a +0 dagger.
You hear a shout!
A giant cockroach comes into view.
The adder hisses angrily.
There is an open door here.
The adder bites you.
* * * LOW HITPOINT WARNING * * *
The endoplasm freezes you.
You are frozen.
* * * LOW HITPOINT WARNING * * *
You feel yourself slow down. The adder barely misses you.
The giant cockroach bites you but does no damage.
The giant cockroach waves its antennae.
The giant cockroach closely misses you.
You riposte.
You barely miss the giant cockroach. The endoplasm freezes you.
You are frozen.
* * * LOW HITPOINT WARNING * * *
You feel as though you will be slow longer.
You block the giant cockroach's attack. The endoplasm hits you.
* * * LOW HITPOINT WARNING * * *
The giant cockroach bites you.
You die...

........#####..##.......
........#...og..........
........o..g....).......
8.......#...............
.......g#...............
..8...hJ#######.#.......
......Sg# #.........
......BJ# #.........
..8....@# ##..######
........# 8........
........#. ....#..#..#
..####. . #o ## #. # o#
## ..


You could see a black bear, 2 orc wizards, an adder, an orc, 2 endoplasms, a
giant cockroach, a hobgoblin (strong) and a goblin (strong).

Vanquished Creatures
  A howler monkey (D:4)
  An adder (D:2)
  A dart slug (D:1)
  An endoplasm (D:2)
  2 giant cockroaches
  5 hobgoblins
  2 jackals (D:1)
  4 quokkas
  5 ball pythons
  8 bats
  4 frilled lizards
  14 goblins
  6 kobolds
  6 rats
60 creatures vanquished.

Vanquished Creatures (others)
  14 plants (D:2)
14 creatures vanquished.

Grand Total: 74 creatures vanquished

Notes
Turn   | Place    | Note
-------+----------+-------------------------------------------
     0 | D:1      | st0uf the Draconian Gladiator began the quest for the Orb.
     0 | D:1      | Reached XP level 1. HP: 17/17 MP: 1/1
   311 | D:1      | Reached XP level 2. HP: 24/24 MP: 2/2
  1037 | D:1      | Reached XP level 3. HP: 29/29 MP: 3/3
  1334 | D:2      | Reached skill level 4 in Long Blades
  1421 | D:2      | Found a basalt altar of Yredelemnul.
  1482 | D:2      | Found a faded altar of an unknown god.
  1816 | D:2      | Reached XP level 4. HP: 37/37 MP: 4/4
  1898 | D:2      | You fall into a shaft and drop 2 floors!
  1960 | D:4      | Noticed Robin
  1964 | D:4      | Noticed a black bear
  2037 | D:4      | HP: 1/37 [endoplasm (2)]
  2037 | D:4      | Slain by a giant cockroach

Illustrated notes

Levels and vault maps discovered:
D:1:      wander_arrival_lonely_grave, layout_loops_corners, bh_walls_and_bars
D:2:      layout_basic, basic_altar, serial_bayou, serial_bayou_ford_a,
          serial_bayou_shore_a, serial_bayou_lagoon_b, serial_bayou_pond_b,
          hellmonk_ecumenical_altar_arch_garden, minmay_misc_feat_x
D:4:      cheibrodos_helix_gallery, layout_basic, lemuel_crystal_altar,
          portal_sewer_entry_e, enter_ossuary_2, minmay_misc_feat_plants,
          grunt_ministairs_9, minmay_a_box_with_orc_wizards_in_it, uniq_robin

Skill      XL: |  1  2  3 |
---------------+----------+-----
Dodging        | 3 |  3.5
Long Blades    | 4 |  4.5
Fighting       | |  2.5
Throwing       | |  1.8
Stealth        | |  0.4
Shields        | |  0.3

Action                   |  1- 3 |  4- 6 || total
-------------------------+-------+-------++-------
Melee: Long sword        |   112 |    24 ||   136
       Tailslap          |    15 |     4 ||    19
 Stab: Sleeping          |       |     1 ||     1
Armor: Skin              |    40 |     9 ||    49
Dodge: Dodged            |    71 |    18 ||    89
Block: Other             |    11 |     9 ||    20
       Reflection        |       |     1 ||     1
       Rpst.: Long sword |    22 |     5 ||    27

Table legend: (Time is in decaauts)
 A = Elapsed time spent in this place.
 B = Non-inter-level travel time spent in this place.
 C = Inter-level travel time spent in this place.
 D = Time resting spent in this place.
 E = Time spent auto-exploring this place.
 F = Levels seen in this place.
 G = Mean time per level.
                   A        B        C        D        E       F      G
               +--------+--------+--------+--------+--------+-----+--------+
         Total |   2070 |   1988 |     82 |     75 |   1383 |   3 |  690.0 |
       Dungeon |   2070 |   1988 |     82 |     75 |   1383 |   3 |  690.0 |
               +--------+--------+--------+--------+--------+-----+--------+

Top non-repeatable levels by time:
     D:1: 1313 daAuts
     D:2: 614 daAuts
     D:4: 143 daAuts
